 Dungeon Crawl Stone Soup version 0.30-a0-1161-g0704695555 (webtiles) character file.

Game seed: 17673155077657416746

18270 bobo the Covert (level 12, -2/65 HPs)
             Began as a Spriggan Enchanter on Apr 27, 2023.
             Was an Initiate of Gozag.
             Slain by a bog body (26 damage)
             ... on level 3 of the Lair of Beasts.
             The game lasted 00:46:16 (13120 turns).

bobo the Covert (Spriggan Enchanter)               Turns: 13120, Time: 00:46:16

Health: -2/65      AC:  4    Str:  7    XL:     12   Next: 26%
Magic:  16/20      EV: 26    Int: 24    God:    Gozag
Gold:   1672       SH:  0    Dex: 19    Spells: 6/21 levels left

rFire   . . .        a - +0 rapier (elec)
rCold   . . .        (no shield)
rNeg    . . .        b - +0 robe
rPois   .            i - +2 hat {Stlth+}
rElec   .            (no cloak)
rCorr   .            (gloves unavailable)
SInv    +            (boots unavailable)
Will    ++...        w - amulet of Autumn {Regen+ Str+3 Slay+3}
Stlth   ++++         q - +6 ring of intelligence
HPRegen 1.10/turn    v - +5 ring of evasion
MPRegen 0.17/turn

%: no passive effects
@: confusing by touch, gold aura, slow
A: very small, no large weapons, unfitting armour, see invisible, speed 3
a: Renounce Religion, Potion Petition, Call Merchant, Bribe Branch


You were on level 3 of the Lair of Beasts.
You worshipped Gozag.
Gozag was most pleased with you.
You visited 2 branches of the dungeon, and saw 14 of its levels.

You collected 2825 gold pieces.
You paid 1153 gold pieces to Gozag.

Inventory:

Hand Weapons
 a - a +0 rapier of electrocution (weapon)
 y - a +2 dagger of flaming
Missiles
 j - 3 throwing nets (quivered)
Armour
 b - a +0 robe (worn)
 i - a +2 hat of stealth (worn)
 C - +0 pearl dragon scales
Jewellery
 q - a +6 ring of intelligence (left hand)
 v - a +5 ring of evasion (right hand)
 w - the amulet of Autumn (around neck) {Regen+ Str+3 Slay+3}
   (You found it on level 7 of the Dungeon)

   [amulet of regeneration]

   Str:       It affects your strength (+3).
   Slay:      It affects your accuracy & damage with ranged weapons and melee
   (+3).
   Regen:     It increases your rate of health regeneration.
 F - a ring of poison resistance
 K - a ring of protection from fire
Wands
 m - a wand of digging (9)
 D - a wand of charming (10)
Scrolls
 d - 5 scrolls of immolation
 g - 6 scrolls of teleportation
 k - 3 scrolls of fear
 l - 2 scrolls of fog
 n - 2 scrolls of butterflies
 o - 3 scrolls of amnesia
 r - 8 scrolls of vulnerability
 t - a scroll of blinking {unknown}
 u - a scroll of brand weapon {unknown}
 x - 4 scrolls of enchant weapon {unknown}
 z - 2 scrolls of magic mapping {unknown}
 A - a scroll of enchant armour {unknown}
 H - 3 scrolls of noise {unknown}
 I - a scroll of poison {unknown}
Potions
 c - 2 potions of invisibility
 e - 6 potions of curing
 f - 3 potions of haste
 h - a potion of attraction {unknown}
 p - a potion of brilliance {unknown}
 s - 3 potions of might
 B - 2 potions of heal wounds {unknown}
 E - 3 potions of mutation
 G - a potion of flight {unknown}
 J - a potion of ambrosia
 L - a potion of berserk rage {unknown}


   Skills:
 + Level 8.2 Fighting
 + Level 10.8 Short Blades
 + Level 6.3 Dodging
 + Level 14.5 Stealth
 - Level 5.0 Spellcasting
 + Level 11.7 Hexes
 - Level 4.0 Ice Magic


You had 6 spell levels left.
You knew the following spells:

 Your Spells              Type           Power      Damage    Failure   Level
c - Confusing Touch       Hex            58%        N/A       1%          3
d - Tukima's Dance        Hex            58%        N/A       1%          3
f - Cause Fear            Hex            29%        N/A       1%          4
s - Ensorcelled Hibernat  Hex/Ice        88%        N/A       1%          2
z - Dazzling Flash        Conj/Hex       68%        N/A       2%          3

Your spell library contained the following spells:

 Spells                   Type           Power      Damage    Failure   Level
 Anguish                  Hex/Necr       17%        N/A       8%          4
 Fulminant Prism          Conj/Hex       17%        3d10      8%          4
 Apportation              Tloc           12%        N/A       9%          1
 Necrotise                Necr           24%        1d5       9%          1
 Summon Small Mammal      Summ           24%        N/A       9%          1
 Hailstorm                Conj/Ice       15%        3d5       12%         3
 Blink                    Tloc           12%        N/A       13%         2
 Lesser Beckoning         Tloc           12%        N/A       13%         2
 Momentum Strike          Conj/Tloc      12%        3d8       13%         2
 Volatile Blastmotes      Fire/Tloc      12%        2d11      26%         3
 Ice Form                 Ice/Tmut       15%        N/A       36%         4
 Iskenderun's Mystic Bla  Conj/Tloc      6%         2d4       65%         4
 Borgnjor's Vile Clutch   Necr/Erth      3%         N/A       94%         5
 Lee's Rapid Deconstruct  Erth           3%         3d5*      94%         5
 Death Channel            Necr           3%         N/A       100%        6
 Enfeeble                 Hex            29%        N/A       52%         7
 Animate Dead             Necr           Unusable   N/A       N/A         4
 Simulacrum               Ice/Necr       Unusable   N/A       N/A         6

Dungeon Overview and Level Annotations

Branches:
Dungeon (11/15)            Temple (0/1) D:7            Lair (3/5) D:11
  Swamp (0/4) Lair:3        Snake (0/4) Lair:3
    Orc: D:9-12

Altars:
Gozag
Hepliaklqana
Kikubaaqudgha
Nemelex Xobeh
Ru
Trog
Wu Jian
The Shining One

Shops:
D:4 *   D:11 [   Lair:1 :

Annotations:
D:8 2 transporters, Datul's ghost, novice DrCA
D:11 2 transporters, Veofamel's ghost, journeyman DsTm


Innate Abilities, Weirdness & Mutations

You are very small and have problems with some larger weapons.
You are too small for most types of armour.
You have supernaturally acute eyesight. (SInv)
You cover ground extremely quickly. (Speed+++)


Message History

You start waiting.
A polar bear is nearby!
Casting: Tukima's Dance (safe; 1% risk of failure)
Confirm with . or Enter, or press ? or * to list all spells.
Your hands begin to glow red.
The polar bear misses you. The polar bear completely misses you.
The polar bear closely misses you.
You hit the polar bear but do no damage.
You hit the polar bear but do no damage.
The polar bear appears confused.
You hit the polar bear but do no damage.
You barely miss the polar bear. You puncture the polar bear!
The polar bear is moderately wounded.
The polar bear barely misses you. x2; The polar bear closely misses you.
The polar bear barely misses itself.
The polar bear claws itself but does no damage.
The polar bear barely misses itself.
You strike the helpless polar bear from behind!
You skewer the polar bear like a kebab!!!
You kill the polar bear!
You now have 1672 gold pieces (gained 9).
Casting: Confusing Touch (safe; 1% risk of failure)
Confirm with . or Enter, or press ? or * to list all spells.
You can't see any susceptible monsters within range! (Use Z to cast anyway.) Unknown command.
Casting: Confusing Touch (safe; 1% risk of failure)
Confirm with . or Enter, or press ? or * to list all spells.
Your hands begin to glow red.
The bog body casts a spell at you. The bolt of cold misses you.
The bog body casts a spell at you. The bolt of cold hits you!!
Ouch! That really hurt!
You enter the shallow water.
Moving in this stuff is going to be slow.
You hit the bog body but do no damage. You punch the bog body.
The bog body is lightly damaged.
The bog body touches you! The bog body freezes you!!
You die...
Your body crumbles into a pile of gold.

. #..#..........).. #.
..###.).....#.#.
#.###..##.......#.##
###......####...###.#P
##...~~§§..# ##........
#/#.~♣§§♣§.#####.......
.##..~~§§§.........P###.
.....~~n♣♣...####.### ##
#P..~@~...## ### #.
###........# ##
#..P###.## ##.## ### ##


You could see a bog body.

Vanquished Creatures
  Gastronok (Lair:1)
  A hydra (Lair:2)
  A two-headed ogre (D:10)
  A boulder beetle (Lair:1)
  An ugly thing (D:11)
  2 manticores (D:11)
  2 black mambas (Lair:1)
  2 cane toads
  A gargoyle (D:8)
  7 komodo dragons (Lair:1)
  2 polar bears
  3 trolls
  A wraith (D:9)
  A wyvern (D:10)
  2 vampires (D:11)
  A basilisk (Lair:1)
  17 yaks
  4 vampire mosquitoes (D:11)
  Edmund (D:4)
  An acid dragon (D:10)
  6 water moccasins
  3 nagas (Lair:3)
  2 sky beasts (D:7)
  Duvessa (D:7)
  An ice beast (D:6)
  3 black bears
  3 orc warriors
  An ogre (D:5)
  11 wolves
  2 centaurs
  2 phantoms (D:5)
  A kobold brigand (D:6)
  A gnoll sergeant (D:8)
  13 bullfrogs
  2 scorpions
  5 wights (D:8)
  Dowan (D:7)
  6 killer bees (D:9)
  2 howler monkeys
  2 electric eels (Lair:1)
  A jelly (D:8)
  2 gnoll boudas
  2 orc priests
  3 hounds
  7 orc wizards
  4 iguanas
  11 gnolls
  7 adders
  A shadow imp (D:7)
  2 white imps
  An ufetubus (D:6)
  2 dart slugs
  16 orcs
  4 ball pythons
  3 endoplasms
  8 giant cockroaches
  5 goblins
  6 hobgoblins
  6 jackals
  10 kobolds
  A quokka (D:1)
  7 bats
  5 frilled lizards
  2 rats (D:2)
236 creatures vanquished.

Vanquished Creatures (collateral kills)
  A naga (Lair:3)
  A gnoll sergeant (D:9)
  2 wights (D:8)
  5 gnolls
  An orc (D:10)
10 creatures vanquished.

Vanquished Creatures (others)
  7 dancing weapons
  An orc (D:10)
  30 fungi
  83 plants
121 creatures vanquished.

Grand Total: 367 creatures vanquished

Notes
Turn   | Place    | Note
-------+----------+-------------------------------------------
     0 | D:1      | bobo the Spriggan Enchanter began the quest for the Orb.
     0 | D:1      | Reached XP level 1. HP: 9/9 MP: 5/5
    90 | D:1      | Reached XP level 2. HP: 14/14 MP: 6/6
   164 | D:1      | Learned a level 2 spell: Ensorcelled Hibernation
   203 | D:1      | Found a faded altar of an unknown god.
   206 | D:1      | Prayed at the altar of an unknown god.
   206 | D:1      | Became a worshipper of Gozag Ym Sagoz the Greedy
   705 | D:1      | Reached skill level 5 in Stealth
   905 | D:1      | Reached XP level 3. HP: 8/17 MP: 5/8
  1232 | D:2      | Learned a level 3 spell: Confusing Touch
  1339 | D:2      | Reached skill level 1 in Fighting
  1345 | D:2      | Identified the +0 helmet "Qokhlaf" {Regen+ Dex+7 SInv
                  | Stlth-}
  1945 | D:3      | Reached XP level 4. HP: 22/22 MP: 5/9
  2106 | D:3      | Identified the +0 pair of gloves "Woupuom" {+Blink}
  2112 | D:3      | Found a glowing golden altar of the Shining One.
  2679 | D:4      | Found Teniplua's Assorted Antiques.
  2822 | D:4      | Reached XP level 5. HP: 12/26 MP: 3/10
  2917 | D:4      | Noticed Edmund
  2937 | D:4      | Killed Edmund
  2938 | D:4      | Reached skill level 6 in Stealth
  3044 | D:4      | Learned a level 3 spell: Tukima's Dance
  3082 | D:4      | Reached XP level 6. HP: 30/30 MP: 6/11
  3112 | D:5      | Entered Level 5 of the Dungeon
  3476 | D:5      | Reached XP level 7. HP: 30/35 MP: 10/13
  4087 | D:5      | Reached skill level 5 in Hexes
  4748 | D:6      | Found a sacrificial altar of Ru.
  4748 | D:6      | Found an ancient bone altar of Kikubaaqudgha.
  4844 | D:7      | Reached skill level 5 in Short Blades
  4844 | D:7      | Reached skill level 5 in Spellcasting
  4844 | D:7      | Reached XP level 8. HP: 42/42 MP: 13/16
  4858 | D:7      | Identified the amulet of Autumn {Regen+ Str+3 Slay+3}
  4949 | D:7      | Found a staircase to the Ecumenical Temple.
  5257 | D:7      | Reached skill level 1 in Ice Magic
  5288 | D:7      | Reached skill level 7 in Stealth
  5495 | D:7      | Found a hazy altar of Hepliaklqana.
  5495 | D:7      | Noticed Duvessa
  5495 | D:7      | Noticed Dowan
  5511 | D:7      | Killed Duvessa
  5517 | D:7      | Killed Dowan
  6404 | D:8      | Found a transporter.
  6408 | D:8      | Found a transporter.
  6413 | D:8      | Found a bloodstained altar of Trog.
  6425 | D:8      | Noticed Datul's ghost (novice DrCA)
  6425 | D:8      | Noticed a moth of wrath
  6493 | D:8      | Reached skill level 8 in Stealth
  6498 | D:8      | Reached XP level 9. HP: 46/46 MP: 9/17
  6854 | D:8      | Noticed a gargoyle
  6866 | D:8      | Killed a gargoyle
  7131 | D:8      | Found an ornate altar of the Wu Jian Council.
  7362 | D:9      | Noticed a troll
  7369 | D:9      | Killed a troll
  7370 | D:9      | Reached skill level 5 in Fighting
  7370 | D:9      | Reached skill level 9 in Stealth
  7496 | D:9      | Noticed a troll
  7507 | D:9      | Killed a troll
  7565 | D:9      | Found a sparkling altar of Nemelex Xobeh.
  7719 | D:9      | Learned a level 3 spell: Dazzling Flash
  8349 | D:10     | Entered Level 10 of the Dungeon
  8356 | D:10     | Noticed a two-headed ogre
  8359 | D:10     | Killed a two-headed ogre
  8360 | D:10     | Reached skill level 10 in Stealth
  8360 | D:10     | Reached XP level 10. HP: 53/53 MP: 18/18
  8367 | D:10     | Learned a level 4 spell: Cause Fear
  9371 | D:11     | Reached skill level 11 in Stealth
  9580 | D:11     | Noticed a cyan ugly thing
  9586 | D:11     | Killed a cyan ugly thing
  9615 | D:11     | Found a staircase to the Lair.
  9702 | D:11     | Noticed a manticore
  9793 | D:11     | Killed a manticore
  9794 | D:11     | Reached skill level 12 in Stealth
  9794 | D:11     | Reached XP level 11. HP: 58/58 MP: 14/19
 10017 | D:11     | Found a transporter.
 10020 | D:11     | Found a transporter.
 10022 | D:11     | Noticed Veofamel's ghost (journeyman DsTm)
 10367 | Lair:1   | Entered Level 1 of the Lair of Beasts
 10367 | Lair:1   | Noticed a boulder beetle
 10394 | Lair:1   | Killed a boulder beetle
 10395 | Lair:1   | Reached skill level 10 in Hexes
 11005 | Lair:1   | Reached skill level 13 in Stealth
 11227 | Lair:1   | Noticed Gastronok
 11295 | Lair:1   | Killed Gastronok
 11296 | Lair:1   | Reached skill level 10 in Short Blades
 11524 | Lair:1   | Reached skill level 5 in Dodging
 11553 | Lair:1   | Reached skill level 14 in Stealth
 11818 | Lair:1   | Reached XP level 12. HP: 44/64 MP: 15/20
 12158 | Lair:2   | Noticed a five-headed hydra
 12165 | Lair:2   | Killed a five-headed hydra
 12894 | Lair:3   | Found a staircase to the Snake Pit.
 13075 | Lair:3   | Found a staircase to the Swamp.
 13120 | Lair:3   | Slain by a bog body

Illustrated notes

Levels and vault maps discovered:
D:1:      dpeg_arrival_orchard, layout_loops_ring,
          hellmonk_ecumenical_altar_inner_sanctum
D:2:      layout_basic, minmay_misc_feat_nine_boxes
D:3:      layout_basic, lemuel_doored_altar, grunt_decor_junction
D:4:      layout_rooms, serial_shops, shop, uniq_edmund
D:5:      layout_loops_corners
D:6:      layout_loops_ring, nicolae_overflow_hidden_temple
D:7:      layout_gridville, mainiacjoe_overflow_alcove_2, temple_doors_cd,
          uniq_duvessa
D:8:      layout_loops_corners, nzn_wu_jian_council_hall,
          gammafunk_ghost_wrathful_warriors
D:9:      layout_roguey, nemelex_altar_shiori, minmay_misc_feat_five
D:10:     layout_irregular_city
D:11:     layout_stronghold, due_lair_maze_entry_diamond, gammafunk_ghost_hive
Lair:1:   beast_lair_carwin_large_2, layout_hall_layers, serial_bayou,
          serial_bayou_crossing, serial_bayou_shore_b, serial_bayou_pond_c,
          serial_bayou_lagoon_a, uniq_gastronok
Lair:2:   layout_chaotic_city, serial_bayou_pond_d
Lair:3:   kb_forest_paths, layout_gridlike, skrybe_swamp_entry_bodies,
          minmay_snake_entry_guardpost_small

Skill      XL: |  1  2  3  4  5  6  7  8  9 10 11 12 |
---------------+-------------------------------------+-----
Dodging        | 3 4 5 6 |  6.3
Stealth        | 5 6 8 10 12 14 | 14.5
Fighting       | 1 2 3 4 5 6 7 8 |  8.2
Short Blades   | 2 3 4 5 6 7 8 10 | 10.8
Spellcasting   | 3 5 |  5.0
Hexes          | 4 5 6 8 9 11 | 11.7
Ice Magic      | 2 4 |  4.0

Action                     |  1- 3 |  4- 6 |  7- 9 | 10-12 || total
---------------------------+-------+-------+-------+-------++-------
  Melee: Dagger            |   107 |    77 |   127 |       ||   311
         Punch             |       |     1 |     3 |     4 ||     8
         Rapier            |       |       |    92 |   194 ||   286
   Cast: Ensorcelled Hiber |    14 |    16 |    45 |    83 ||   158
         Confusing Touch   |       |     4 |     9 |     8 ||    21
         Tukima's Dance    |       |     1 |    32 |     2 ||    35
         Dazzling Flash    |       |       |       |    12 ||    12
         Cause Fear        |       |       |       |     7 ||     7
 Invoke: Call Merchant     |       |       |       |     2 ||     2
    Use: Scroll            |       |     3 |     2 |     8 ||    13
   Stab: Sleeping          |    21 |    19 |    34 |    63 ||   137
         Distracted        |     1 |       |     2 |     1 ||     4
         Confused          |       |     5 |     9 |     8 ||    22
         Invisible         |       |       |       |     7 ||     7
 Armour: Robe              |    11 |     6 |    11 |     4 ||    32
  Dodge: Dodged            |    62 |    30 |   169 |   151 ||   412

Table legend: (Time is in decaauts)
 A = Elapsed time spent in this place.
 B = Non-inter-level travel time spent in this place.
 C = Inter-level travel time spent in this place.
 D = Time resting spent in this place.
 E = Time spent auto-exploring this place.
 F = Levels seen in this place.
 G = Mean time per level.
                   A        B        C        D        E       F      G
               +--------+--------+--------+--------+--------+-----+--------+
         Total |   9636 |   9412 |    224 |    437 |   6901 |  14 |  688.3 |
       Dungeon |   7607 |   7398 |    209 |    388 |   5392 |  11 |  691.5 |
          Lair |   2029 |   2014 |     15 |     49 |   1509 |   3 |  676.3 |
               +--------+--------+--------+--------+--------+-----+--------+

Top non-repeatable levels by time:
  Lair:1: 1214 daAuts
     D:5: 955 daAuts
     D:1: 814 daAuts
     D:6: 797 daAuts
    D:11: 765 daAuts
     D:9: 764 daAuts
     D:8: 744 daAuts
    D:10: 725 daAuts
     D:3: 613 daAuts
     D:7: 592 daAuts
     D:2: 567 daAuts
  Lair:2: 420 daAuts
  Lair:3: 394 daAuts
     D:4: 264 daAuts
